 Dungeon Crawl Stone Soup version 0.29.0-11-gd7f09526c8 (webtiles) character file.

Game seed: 11848888273557213048

121 smilodon the Trooper (level 4, -3/35 HPs)
             Began as a Demonspawn Fighter on Sept 3, 2022.
             Killed by divine providence
             ... invoked by an orc priest
              (11 damage)
             ... on level 3 of the Dungeon.
             The game lasted 00:03:29 (2629 turns).

smilodon the Trooper (Demonspawn Fighter)           Turns: 2629, Time: 00:03:30

Health: -3/35      AC: 15    Str: 19    XL:     4   Next: 77%
Magic:  4/4        EV:  9    Int:  9    God:
Gold:   104        SH:  4    Dex: 12    Spells: 3/3 levels left

rFire   . . .      SeeInvis .   a - +0 war axe
rCold   . . .      Faith    .   c - +0 buckler
rNeg    . . .      Spirit   .   b - +0 scale mail
rPois   .          Reflect  .   e - +1 helmet
rElec   .          Harm     .   (no cloak)
rCorr   .          Rampage  .   (no gloves)
Will    .....                   (no boots)
Stlth   ..........              (no amulet)
HPRegen 0.11/turn               (no ring)
MPRegen 0.09/turn               (no ring)

@: sanguine armoured
A: hooves 1, spiny 1, sanguine armour 1
a: no special abilities


You were on level 3 of the Dungeon.
You visited 1 branch of the dungeon, and saw 3 of its levels.

You collected 104 gold pieces.

Inventory:

Hand Weapons
 a - a +0 war axe (weapon)
Armour
 b - a +0 scale mail (worn)
 c - a +0 buckler (worn)
 e - a +1 helmet (worn)
Wands
 h - a wand of digging (5)
Scrolls
 f - a scroll of fear
Potions
 d - a potion of might
 g - a potion of degeneration {unknown}
 i - a potion of haste {unknown}
 j - a potion of heal wounds {unknown}
 k - a potion of attraction {unknown}
 l - a potion of curing


   Skills:
 + Level 3.4 Fighting
 + Level 3.4 Axes
 + Level 3.3 Armour
 + Level 0.1 Dodging
 + Level 0.3 Stealth
 + Level 3.1 Shields


You had 3 spell levels left.
You didn't know any spells.
Your spell library contained the following spells:

 Spells                   Type           Power      Damage    Failure   Level
 Apportation              Tloc           0%         N/A       85%         1
 Ensorcelled Hibernation  Hex/Ice        0%         N/A       94%         2
 Spider Form              Tmut/Pois      0%         N/A       99%         3
 Anguish                  Hex/Necr       0%         N/A       100%        4
 Alistair's Intoxication  Tmut/Pois      0%         N/A       100%        5


Dungeon Overview and Level Annotations

Branches:
Dungeon (3/15)

Altars:

Shops:
D:3 (


Innate Abilities, Weirdness & Mutations

You have large cloven feet.
You are partially covered in sharp spines.
When seriously injured, your blood forms armour. (AC +6)


Message History

The orc is moderately wounded.
You closely miss the orc. The orc is struck by your spines.
The orc hits you but does no damage. The orc hits you with a +0 club.
The orc is struck by your spines. The orc hits you but does no damage.
The orc closely misses you.
You hit the orc.
You kill the orc!
You closely miss the orc priest. You hit the orc but do no damage.
The orc barely misses you.
The orc priest hits you with a +0 flail.
You barely miss the orc. Your kick misses the orc.
The orc is moderately wounded.
You slash the orc!
You kill the orc!
You hit the orc priest but do no damage.
The orc barely misses you.
The orc priest calls down the wrath of Beogh upon you.
Beogh smites you!
Your blood congeals into armour.
The orc priest hits you with a +0 flail.
The orc hits you but does no damage.
You hit the orc. You kick the orc, but do no damage.
The orc is heavily wounded.
You hit the orc priest. You miss something. Something hits you.
You block the orc's attack.
The orc priest is struck by your spines.
The orc priest hits you with a +0 flail.
You are too injured to fight recklessly!
Sorry, you're not good enough to have a special ability.
Something hits you but does no damage. The orc is struck by your spines.
The orc hits you but does no damage.
You closely miss something. Your kick misses something.
You hear some strange, mumbled words.
A magic dart appears from out of thin air!
The magic dart hits you.
* * * LOW HITPOINT WARNING * * *
Something hits you.
* * * LOW HITPOINT WARNING * * *
The orc priest calls down the wrath of Beogh upon you.
Beogh smites you!
You die...

##.###.## #.# ##'## #.## ##.# ...
##...## ###.###.## #)# ##.....##
##.##.#.## ##.## ##.......##
#...##.########.).####.........##
...<.................+.........+.
#...##.###.####oo.####.........##
.......# ##{## ##.......##
#..##### ##@## ##.....## #
#..#######. #...# ##..<## #
#.......... ##.## ##'## #
#.######### #.# #####.# # #.#
###.#####...#)# # #.#
#........###..## # #.# #.#.###.##
##..## # ..# #.#.....# #...# ###
#.#####.## ##..###


You could see an orc priest and an orc.

Vanquished Creatures
  An iguana (D:3)
  An adder (D:2)
  A worm (D:3)
  2 dart slugs
  2 orcs (D:3)
  2 ball pythons
  5 bats
  12 endoplasms
  2 giant cockroaches
  10 goblins
  6 hobgoblins
  4 jackals (D:2)
  6 kobolds
  5 quokkas
  4 frilled lizards
  3 rats (D:2)
  A spectral goblin (D:2)
67 creatures vanquished.

Notes
Turn   | Place    | Note
-------+----------+-------------------------------------------
     0 | D:1      | smilodon the Demonspawn Fighter began the quest for the
                  | Orb.
     0 | D:1      | Reached XP level 1. HP: 18/18 MP: 1/1
   260 | D:1      | Gained mutation: You have large cloven feet. [demonic
                  | ancestry]
   260 | D:1      | Reached XP level 2. HP: 24/24 MP: 2/2
   871 | D:1      | Gained mutation: You are partially covered in sharp spines.
                  | [demonic ancestry]
   871 | D:1      | Reached XP level 3. HP: 28/29 MP: 3/3
  1458 | D:2      | Found a faded altar of an unknown god.
  1494 | D:2      | Gained mutation: When seriously injured, your blood forms
                  | armour. (AC +6) [demonic ancestry]
  1494 | D:2      | Reached XP level 4. HP: 35/35 MP: 4/4
  2304 | D:3      | Found Uxajun's Weapon Shop.
  2629 | D:3      | Killed from afar by an orc priest

Illustrated notes

Levels and vault maps discovered:
D:1:      minmay_arrival_split_and_join, layout_loops_ring, chequers_arboretum
D:2:      layout_basic, dreamdust_ecumenical_altar_drowned_temple, basic_altar
D:3:      layout_loops_corners, serial_shops, nicolae_shop_bloodbath_and_beyond,
          minmay_misc_feat_columns, minmay_increasing_density

Skill      XL: |  1  2  3  4 |
---------------+-------------+-----
Axes           | 2 3 |  3.4
Armour         | 3 |  3.3
Shields        | 3 |  3.1
Fighting       | |  3.4
Dodging        | |  0.1
Stealth        | |  0.3

Action                   |  1- 3 |  4- 6 || total
-------------------------+-------+-------++-------
Melee: War axe           |    86 |    39 ||   125
       Kick              |     8 |     8 ||    16
  Use: Scroll            |     2 |     5 ||     7
       Potion            |     2 |       ||     2
Armor: Scale mail        |    26 |    16 ||    42
Dodge: Dodged            |    34 |    18 ||    52
Block: Buckler           |    19 |     7 ||    26
